 Dungeon Crawl Stone Soup version 0.31.0-32-g396128a36d (webtiles) character file.

Game seed: 9975118407699465509

4844 Alphaeus the Grappler (level 10, 0/97 HPs)
             Began as a Troll Shapeshifter on Mar 19, 2024.
             Was an Elder of Wu Jian.
             Slain by a troll (13 damage)
             ... on level 9 of the Dungeon.
             The game lasted 00:06:39 (6517 turns).

Alphaeus the Grappler (Troll Shapeshifter)          Turns: 6517, Time: 00:06:39

Health: 0/97       AC:  4    Str: 28    XL:     10   Next: 25%
Magic:  9/9        EV:  9    Int:  6    God:    Wu Jian [****..]
Gold:   465        SH:  0    Dex:  9    Spells: 9/9 levels left

rFire   . .          .
                       - Unarmed
rCold   . . .        (no shield)
rNeg    . . .        a - +0 animal skin
rPois   +            (helmet currently unavailable)
rElec   .            (cloak currently unavailable)
rCorr   .            (gloves unavailable)
SInv    .            (boots unavailable)
Will    .....        (no amulet)
Stlth   +            k - ring of poison resistance
HPRegen 1.16/turn    (no ring)
MPRegen 0.11/turn

%: no passive effects
@: beast-form
A: beast (slay +4), large, unfitting armour, claws 3, regeneration 1, shaggy fur
1, tough skin 1
a: Begin Untransformation, Renounce Religion, Wall Jump, Serpent's Lash


You were on level 9 of the Dungeon.
You worshipped Wu Jian.
Wu Jian was greatly pleased with you.
You were a hulking beast.
You visited 1 branch of the dungeon, and saw 9 of its levels.

You collected 465 gold pieces.

Inventory:

Missiles
 F - 10 large rocks (quivered)
Armour
 a - a +0 animal skin (worn)
Jewellery
 k - a ring of poison resistance (left claw)
 l - a ring of flight
 n - a +6 ring of intelligence
 v - a ring of resist corrosion
 y - a ring of protection from fire
Talismans
 c - a beast talisman
 A - a serpent talisman
Wands
 q - a wand of polymorph (14)
 s - a wand of flame (17)
 C - a wand of iceblast (10)
 D - a wand of paralysis (11)
Scrolls
 d - 4 scrolls of identify
 e - 4 scrolls of revelation
 f - 2 scrolls of poison
 j - 2 scrolls of butterflies {unknown}
 p - 2 scrolls of teleportation {unknown}
 r - 2 scrolls of torment {unknown}
 t - a scroll of fog {unknown}
 w - a scroll of noise {unknown}
 B - a scroll of enchant armour {unknown}
Potions
 b - 2 potions of lignification
 g - a potion of heal wounds {unknown}
 h - 3 potions of curing
 i - a potion of resistance
 m - 3 potions of mutation
 o - a potion of enlightenment
 x - 2 potions of might
 z - 3 potions of invisibility
 E - a potion of attraction


   Skills:
 + Level 5.6 Fighting
 - Level 1.5 Dodging
 * Level 10.1 Unarmed Combat
 * Level 9.4 Shapeshifting


You had 9 spell levels left.
You didn't know any spells.
Your spell library contained the following spells:

 Spells                   Type           Power      Damage    Failure   Level
 Gell's Gravitas          Tloc           0%         N/A       83%         3
 Teleport Other           Tloc           0%         N/A       83%         3
 Dispersal                Tloc           0%         N/A       100%        6


Dungeon Overview and Level Annotations

Branches:
Dungeon (9/15)             Temple (0/1) D:5            Lair (0/5) D:8
    Orc: D:9-12

Altars:
Fedhas
Okawaru
Ru
Wu Jian
Xom

Annotations:
D:7 2 transporters, seawaffle's ghost, novice MiBe


Innate Abilities, Weirdness & Mutations

You are a hulking beast.
Your limbs bulge with bestial killing power. (Slay +4)
You are too large for most types of armour.
You have claws for hands.
Your natural rate of healing is unusually fast.
You are covered in fur. (AC +1)
You have tough skin. (AC +1)


Message History

You lunge at the orc warrior, in a flurry of attacks.
You mangle the orc warrior!!
You kill the orc warrior!
The Council accepts your kill.
You spin and attack the killer bee.
You miss the killer bee.
You feel sick. The killer bee stings you.
The killer bee stings you but does no damage.
Items here: )) [[ ††.
You miss the killer bee.
You feel sick. The killer bee stings you.
You closely miss the killer bee.
You feel sick. The killer bee closely misses you.
The orc hits you but does no damage. The killer bee stings you.
You miss the killer bee. The killer bee stings you. x2
The orc hits you with a +0 dagger.
You claw the orc!
You kill the orc!
The Council accepts your kill.
You feel sick. The killer bee stings you. x4
You barely miss the troll.
You feel sick. The killer bee stings you.
You are more poisoned.
The killer bee poisons you! The killer bee barely misses you.
The troll bites you but does no damage. The troll claws you. x2
The killer bee barely misses you. The killer bee stings you.
You mangle the troll!!
The troll is heavily wounded.
You feel sick. The killer bee stings you! The killer bee stings you.
* * * LOW HITPOINT WARNING * * *
The troll bites you.
* * * LOW HITPOINT WARNING * * *
The troll claws you!
* * * LOW HITPOINT WARNING * * *
The troll barely misses you.
Okay, then.
You feel better. The killer bee stings you.
* * * LOW HITPOINT WARNING * * *
The killer bee stings you but does no damage.
The killer bee closely misses you. The killer bee stings you.
* * * LOW HITPOINT WARNING * * *
The troll bites you but does no damage. The troll claws you!
You die...

#.########
#.#......####
............#
..##.#....<..#
...#.........#
#..###...#####
~~~~.....#
≈~≈~~..>.#
##~~~~yh#
###≈oyT#
##≈~##
#~o....#
#≈~###.# ~~~#
~~~.. ~~##..
o~# #..


You could see a troll, an orc warrior, 2 killer bees and an orc.

Vanquished Creatures
  A two-headed ogre (D:8)
  Jeremiah (D:8)
  A hornet (D:4)
  Prince Ribbit (D:8)
  A wyvern (D:7)
  Grum (D:8)
  A steam dragon (D:7)
  3 water moccasins
  A black bear (D:5)
  4 orc warriors
  2 wolves (D:8)
  3 centaurs
  The ghost of mitya21 the Insei, an amateur DsSh (D:6)
  A kobold brigand (D:6)
  A bullfrog (D:6)
  A scorpion (D:6)
  11 wights
  7 killer bees
  4 crimson imps (D:5)
  A hound (D:4)
  3 jellies
  An orc priest (D:7)
  A gnoll bouda (D:7)
  An iguana (D:6)
  2 sleepcaps (D:4)
  6 orc wizards
  16 gnolls
  5 adders
  A shadow imp (D:3)
  A dart slug (D:1)
  2 ribbon worms (D:2)
  25 orcs
  5 ball pythons
  5 bats (D:1)
  6 endoplasms
  3 giant cockroaches
  14 goblins
  7 hobgoblins
  3 jackals (D:1)
  10 kobolds
  4 frilled lizards
  6 rats
174 creatures vanquished.

Notes
Turn   | Place    | Note
-------+----------+-------------------------------------------
     0 | D:1      | Alphaeus the Troll Shapeshifter began the quest for the
                  | Orb.
     0 | D:1      | Reached XP level 1. HP: 18/18 MP: 0/0
    38 | D:1      | Reached skill level 1 in Fighting
    40 | D:1      | Reached XP level 2. HP: 24/27 MP: 1/1
   344 | D:1      | Reached XP level 3. HP: 33/33 MP: 2/2
   354 | D:1      | Found a faded altar of an unknown god.
   407 | D:1      | Prayed at the altar of an unknown god.
   407 | D:1      | Became a worshipper of the Wu Jian Council
   407 | D:1      | Reached * piety under Wu Jian
   626 | D:2      | Identified the +12 whip of Voeruitt {elec, rPois Will-
                  | Str+4 SInv}
  1030 | D:2      | Reached XP level 4. HP: 36/41 MP: 3/3
  1033 | D:2      | Reached ** piety under Wu Jian
  1175 | D:2      | Reached skill level 4 in Unarmed Combat
  1692 | D:3      | Found a sacrificial altar of Ru.
  2066 | D:3      | Reached XP level 5. HP: 11/49 MP: 4/4
  2226 | D:3      | Found an iron altar of Okawaru.
  2295 | D:4      | Noticed a hornet
  2313 | D:4      | Killed a hornet
  2314 | D:4      | Reached skill level 5 in Unarmed Combat
  2314 | D:4      | Reached XP level 6. HP: 15/59 MP: 5/5
  2439 | D:4      | Reached skill level 5 in Shapeshifting
  2679 | D:4      | Reached XP level 7. HP: 65/66 MP: 6/6
  3050 | D:5      | Entered Level 5 of the Dungeon
  3103 | D:4      | Reached *** piety under Wu Jian
  3167 | D:5      | Reached skill level 6 in Unarmed Combat
  3362 | D:5      | Found a blossoming altar of Fedhas.
  3585 | D:5      | Found a staircase to the Ecumenical Temple.
  3637 | D:5      | Found a shimmering altar of Xom.
  3644 | D:5      | Reached XP level 8. HP: 75/75 MP: 7/7
  3932 | D:6      | Found an ornate altar of the Wu Jian Council.
  4012 | D:6      | Reached skill level 7 in Unarmed Combat
  4168 | D:6      | Found a runed translucent gate.
  4168 | D:6      | Found a runed translucent gate.
  4168 | D:6      | Found a runed translucent gate.
  4182 | D:6      | Noticed mitya21's ghost (amateur DsSh)
  4544 | D:6      | Killed mitya21's ghost
  4641 | D:7      | Found a transporter.
  4641 | D:7      | Noticed seawaffle's ghost (novice MiBe)
  4641 | D:7      | Noticed a tengu warrior
  4644 | D:7      | Found a transporter.
  4792 | D:7      | Reached skill level 8 in Unarmed Combat
  4883 | D:7      | Reached XP level 9. HP: 71/84 MP: 8/8
  5462 | D:8      | Noticed Prince Ribbit
  5468 | D:8      | Killed Prince Ribbit
  5665 | D:8      | Reached **** piety under Wu Jian
  5666 | D:8      | Reached skill level 9 in Unarmed Combat
  5754 | D:8      | Noticed Grum
  5758 | D:8      | Reached skill level 5 in Fighting
  5766 | D:8      | Killed Grum
  5839 | D:8      | Noticed Jeremiah
  5857 | D:8      | Killed Jeremiah
  6028 | D:8      | Reached XP level 10. HP: 83/96 MP: 9/9
  6179 | D:8      | Found a staircase to the Lair.
  6347 | D:8      | Noticed a two-headed ogre
  6352 | D:8      | Killed a two-headed ogre
  6353 | D:8      | Reached skill level 10 in Unarmed Combat
  6517 | D:9      | Slain by a troll

Illustrated notes

Levels and vault maps discovered:
D:1:      evilmike_arrival_hilbert_curve, layout_rooms,
          hellmonk_ecumenical_altar_arch_garden
D:2:      layout_loops_ring, grunt_ministairs_1, kennysheep_cross_room,
          kennysheep_generic_room_16
D:3:      layout_loops_corners, okawaru_altar_gauntlet_db,
          nicolae_ru_awakened_eye
D:4:      layout_loops_cross, nicolae_overflow_hidden_temple
D:5:      layout_loops_ring, led_xom_imps, fedhas_altar_2,
          minmay_temple_entry_antechambers, st_stairs_8, patterned_corridor
D:6:      layout_rooms, lemuel_tele_altar, ebering_ghost_rock_garden
D:7:      layout_basic, gammafunk_ghost_arena
D:8:      layout_loops_ring, lair_entry_dummy, uniq_jeremiah,
          uniq_prince_ribbit1, uniq_grum
D:9:      layout_basic, gammafunk_temple_overflow_pools,
          ebering_ghost_disaster_area, nicolae_water_bricks,
          ebering_dispersal_statue_hall, worms_lemuel

Skill      XL: |  1  2  3  4  5  6  7  8  9 10 |
---------------+-------------------------------+-----
Fighting       | 1 2 3 4 5 |  5.6
Unarmed Combat | 4 5 6 8 9 10 | 10.1
Shapeshifting  | 4 5 6 7 9 |  9.4
Dodging        | |  1.5

Action                     |  1- 3 |  4- 6 |  7- 9 | 10-12 || total
---------------------------+-------+-------+-------+-------++-------
  Melee: Unarmed           |    85 |   114 |   214 |    39 ||   452
         Punch             |     1 |     5 |     7 |     1 ||    14
Ability: Lunge             |     9 |     6 |    24 |     4 ||    43
         Whirlwind         |       |       |       |     1 ||     1
    Use: Potion            |       |     4 |       |     1 ||     5
         Scroll            |       |       |    11 |       ||    11
 Armour: Animal skin       |    48 |    84 |   157 |    47 ||   336
  Dodge: Dodged            |    44 |    46 |    73 |    21 ||   184
